 Dungeon Crawl Stone Soup version 0.27-a0-1137-g3ef0f4ec91 (webtiles) character file.

Game seed: 14412980765164808501

8057 reriks the Arsonist (level 11, 0/61 HPs)
             Began as an Octopode Fire Elementalist on May 6, 2021.
             Was an Initiate of Vehumet.
             Slain by a yak (12 damage)
             ... on level 9 of the Dungeon.
             The game lasted 00:52:25 (22537 turns).

reriks the Arsonist (Octopode Fire Elementalist)   Turns: 22537, Time: 00:52:25

Health: 0/61       AC:  5    Str:  8    XL:     11   Next: 24%
Magic:  21/21      EV: 34    Int: 20    God:    Vehumet [......]
Gold:   1242       SH:  0    Dex: 11    Spells: 11/24 levels left

rFire    + . .     SeeInvis .   r - +10 arbalest "Aniasod" {flame, rPois rF+ Dex-2}
rCold    + . .     Faith    .   (shield currently unavailable)
rNeg     . . .     Spirit   .   (helmet restricted)
rPois    +         Reflect  .   A - amulet of the acrobat
rElec    .         Harm     .   a - +4 ring of evasion
rCorr    .         Rampage  .   u - ring of protection from cold
Will     .....                  B - +4 ring of protection
Stlth    +++++.....             (no ring)
HPRegen  0.20/turn              (no ring)
MPRegen  0.17/turn              (no ring)
                                (no ring)
                                (no ring)

@: acrobatic
A: almost no armour, amphibious, 8 rings, camouflage 1, gelatinous body 1,
(nimble swimmer 1), tentacles
a: Renounce Religion


You were on level 9 of the Dungeon.
You worshipped Vehumet.
Vehumet was noncommittal.
You visited 3 branches of the dungeon, and saw 12 of its levels.
You also visited: Sewer.

You collected 1784 gold pieces.
You spent 542 gold pieces at shops.

Inventory:

Hand Weapons
 b - a +3 dagger of electrocution
 r - the +10 arbalest "Aniasod" (weapon) {flame, rPois rF+ Dex-2}
   (You found it on level 4 of the Dungeon)

   It causes projectiles fired from it to burn those they strike, causing extra
   injury to most foes and up to half again as much damage against particularly
   susceptible opponents.
   It affects your dexterity (-2).
   It protects you from fire.
   It protects you from poison.
Missiles
 i - 2 curare-tipped darts
 s - 149 bolts (quivered ammo)
 v - a throwing net
Armour
 G - a +0 buckler
 H - a +0 helmet
Magical Staves
 t - a staff of death
 z - a staff of conjuration
Jewellery
 a - a +4 ring of evasion (left tentacle)
 u - a ring of protection from cold (right tentacle)
 A - an amulet of the acrobat (around mantle)
 B - a +4 ring of protection (on tentacle)
Wands
 f - a wand of iceblast (14)
 o - a wand of charming (12)
Scrolls
 c - a scroll of vulnerability
 d - a scroll of teleportation
 m - 3 scrolls of amnesia
 x - a scroll of identify
 y - a scroll of silence
 C - a scroll of enchant weapon
 D - a scroll of noise
Potions
 e - 2 potions of brilliance
 h - 2 potions of heal wounds
 j - 4 potions of flight
 k - 2 potions of curing
 l - a potion of might
 n - 3 potions of lignification
 p - 2 potions of haste
 q - 2 potions of cancellation
 w - a potion of magic {unknown}
 F - 2 potions of attraction {unknown}
Miscellaneous
 g - a piece from Xom's chessboard (15/15)


   Skills:
 + Level 6.4 Crossbows
 + Level 7.7 Dodging
 - Level 8.0 Stealth
 + Level 7.2 Spellcasting
 + Level 7.5 Conjurations
 + Level 8.1 Fire Magic


You had 11 spell levels left.
You knew the following spells:

 Your Spells              Type           Power      Damage    Failure   Level
a - Foxfire               Conj/Fire      100%       2x1d9     1%          1
b - Conjure Flame         Conj/Fire      38%        6-21      1%          3
c - Sticky Flame          Conj/Fire      38%        2d6       3%          4
d - Fireball              Conj/Fire      19%        3d9       11%         5

Your spell library contained the following spells:

 Spells                   Type           Power      Damage    Failure   Level
 Inner Flame              Hex/Fire       23%        N/A       5%          3
 Beastly Appendage        Tmut           14%        N/A       10%         1
 Wereblood                Tmut           7%         N/A       14%         2
 Spider Form              Tmut/Pois      3%         N/A       28%         3
 Ice Form                 Ice/Tmut       7%         N/A       67%         4
 Hydra Form               Tmut           3%         N/A       95%         5


Dungeon Overview and Level Annotations

Branches:
Dungeon (10/15)            Temple (1/1) D:7            Lair (1/6) D:9
  Sewer (visited)
    Orc: D:9-12

Altars:
Cheibriados
Dithmenos
Elyvilon
Fedhas
Gozag
Hepliaklqana
Kikubaaqudgha
Makhleb
Nemelex Xobeh
Okawaru
Qazlal
Ru
Trog
Uskayaw
Vehumet
Xom
Yredelemnul
Zin
The Shining One

Shops:
D:2 *   D:3 *

Annotations:
D:3 1 runed translucent door, Crazy Yiuf
D:6 Joseph
D:8 3 runed translucent doors, Mels's ghost, novice SpEn
Lair:1 Fannar


Innate Abilities, Weirdness & Mutations

You cannot wear most types of armour.
You are amphibious.
You can wear up to eight rings at the same time.
Your skin changes colour to match your surroundings (Stealth+).
Your rubbery body absorbs attacks. (AC +1, EV +1)
((You are camouflaged near water. (Stealth+)))
You have tentacles for arms and can constrict up to eight enemies at once.


Message History

The komodo dragon hisses menacingly.
There is an open door here.
Casting: Sticky Flame (dangerous; 3% risk of failure)
Confirm with . or Enter, or press ? or * to list all spells.
Aiming: Sticky Flame (dangerous; 3% risk of failure)
Press: ? - help, Shift-Dir - straight line, f - komodo dragon
Aim: a komodo dragon (100% to hit)
The sticky flame hits the komodo dragon.
The komodo dragon is lightly wounded.
The komodo dragon is covered in liquid flames!
The komodo dragon burns!
The komodo dragon bites you!
* * * LOW HITPOINT WARNING * * *
The komodo dragon burns!
The komodo dragon burns!
The komodo dragon burns!
The komodo dragon burns!
The komodo dragon burns!
The komodo dragon burns!
The komodo dragon burns!
The komodo dragon burns!
You kill the komodo dragon!
Vehumet accepts your kill.
You start resting.
Magic restored.
You start resting.
HP restored.
There is a staircase to the Lair, spattered with blood here.
You can't go up here!
You climb downwards.
Welcome back to the Lair of Beasts!
Level annotation: Fannar The yak barely misses you. x2; The yak gores you! x3; The yak misses you.
The yak gores you.
There is a staircase back to the Dungeon, spattered with blood here.
The yak misses you. The yak barely misses you. The yak misses you.
The yak gores you!
* * * LOW HITPOINT WARNING * * *
You climb upwards.
Welcome back to the Dungeon!
There is a staircase to the Lair, spattered with blood here.
The yak gores you!
You die...

#......#...#......#....###'###..
#.....###'##......#....##....#..
####'###...........#.....#....#..
#............#######.....#....#..
#............#...........#....#..
#............รท....########...##..
#............#....#.....##...#...
#.......######..YY.._........#...
#.......#...##..@YY....#.#...#...
#.......#...########...#.#...)...
#.......#..............###...#...
#.......'...............##...#...
#.......#...............##...#...
#.......#...#####'##.....#...#...
#.......######....##.....#...#...
#.......# #............'...#...
#.......# #............#...'...


You could see 4 yaks.

Vanquished Creatures
  Erica (D:9)
  A two-headed ogre (D:9)
  A cane toad (Lair:1)
  A rime drake (Lair:1)
  A kobold demonologist (D:9)
  A komodo dragon (D:9)
  A hornet (D:9)
  A troll (D:7)
  Grinder (D:5)
  A shadow (D:9)
  3 yaks (Lair:1)
  A wyvern (D:9)
  A steam dragon (D:8)
  An acid dragon (D:9)
  Duvessa (D:4)
  3 water moccasins
  An orc warrior (D:9)
  3 sky beasts
  The ghost of Vomitron the Digger, an amateur OgEE of Ru (D:3)
  4 black bears
  2 necrophages (D:6)
  An ogre (D:6)
  7 wolves (Lair:1)
  2 centaurs
  3 kobold brigands
  2 bullfrogs
  A wyvern zombie (D:7)
  Dowan (D:4)
  A scorpion (D:7)
  9 wights
  6 killer bees (D:9)
  A jelly (D:7)
  2 centaur skeletons (D:7)
  A hound (D:4)
  A gnoll shaman (D:9)
  An orc priest (D:3)
  2 iguanas
  Ijyb (D:4)
  2 orc wizards
  Robin (D:2)
  11 gnolls
  A howler monkey zombie (D:9)
  12 adders
  A river rat (D:4)
  A shadow imp (D:4)
  A white imp (D:7)
  2 ufetubi (D:5)
  An adder skeleton (D:4)
  5 worms
  A dart slug (D:4)
  18 orcs
  4 bats
  17 endoplasms
  5 giant cockroaches
  15 goblins
  15 hobgoblins
  22 jackals
  33 kobolds
  2 quokkas
  7 ball pythons
  A frilled lizard (D:1)
  A jackal skeleton (D:4)
  4 rats
256 creatures vanquished.

Vanquished Creatures (collateral kills)
  2 foxfires (Sewer)
2 creatures vanquished.

Vanquished Creatures (others)
  731 foxfires
  4 fungi (Lair:1)
  7 plants (Lair:1)
742 creatures vanquished.

Grand Total: 1000 creatures vanquished

Notes
Turn   | Place    | Note
-------+----------+-------------------------------------------
     0 | D:1      | reriks the Octopode Fire Elementalist began the quest for
                  | the Orb.
     0 | D:1      | Reached XP level 1. HP: 11/11 MP: 3/3
   293 | D:1      | Reached XP level 2. HP: 15/17 MP: 1/5
  1329 | D:1      | Found a faded altar of an unknown god.
  1341 | D:1      | Reached XP level 3. HP: 21/21 MP: 2/6
  2979 | D:2      | Reached XP level 4. HP: 27/27 MP: 4/7
  3245 | D:2      | Found Mejohexa's General Store.
  3725 | D:2      | Noticed Robin
  5098 | D:2      | Killed Robin
  5790 | D:3      | Learned a level 3 spell: Conjure Flame
  5795 | D:3      | Learned a level 4 spell: Sticky Flame
  5802 | D:3      | Found Qodwuisk's Assorted Antiques.
  5846 | D:3      | Reached XP level 5. HP: 28/31 MP: 3/9
  6755 | D:3      | Reached XP level 6. HP: 29/36 MP: 6/10
  6992 | D:3      | Found a runed translucent door.
  6993 | D:3      | Noticed Crazy Yiuf
  7194 | D:3      | Found a runed translucent gate.
  7194 | D:3      | Found a runed translucent gate.
  7194 | D:3      | Found a runed translucent gate.
  7197 | D:3      | Noticed Vomitron's ghost (amateur OgEE)
  7532 | D:4      | Found a glowing drain.
  7541 | Sewer    | Entered a sewer
  8315 | D:4      | Reached skill level 5 in Stealth
  8367 | D:4      | Noticed Ijyb
  8388 | D:4      | Killed Ijyb
  8389 | D:4      | Reached XP level 7. HP: 39/41 MP: 8/12
  8509 | D:4      | Noticed Duvessa
  8513 | D:4      | Noticed Dowan
  9162 | D:4      | Killed Duvessa
  9305 | D:4      | Killed Dowan
  9646 | D:4      | Identified the +10 arbalest "Aniasod" {flame, rPois rF+
                  | Dex-2}
 10727 | D:2      | Bought 16 bolts for 41 gold pieces
 10727 | D:2      | Bought 13 bolts for 33 gold pieces
 10844 | D:5      | Entered Level 5 of the Dungeon
 10933 | D:5      | Reached XP level 8. HP: 46/46 MP: 10/14
 11021 | D:5      | Learned a level 5 spell: Fireball
 11292 | D:5      | Reached skill level 5 in Fire Magic
 11488 | D:5      | Identified the +2 leather armour "Faotzuip" {Rampage Str+3
                  | SInv}
 11535 | D:5      | Noticed Grinder
 11546 | D:5      | Paralysed by Grinder for 4 turns
 11704 | D:5      | Killed Grinder
 11705 | D:5      | Reached skill level 1 in Crossbows
 13437 | D:6      | Reached skill level 5 in Dodging
 13505 | D:6      | Reached XP level 9. HP: 51/51 MP: 11/16
 13848 | D:7      | Noticed Joseph
 13863 | D:6      | HP: 2/51 [Joseph/sling bullet (23)]
 14691 | D:7      | Reached skill level 5 in Spellcasting
 14705 | D:7      | Reached skill level 5 in Conjurations
 15071 | D:7      | Found a staircase to the Ecumenical Temple.
 15079 | Temple   | Entered the Ecumenical Temple
 15184 | Temple   | Became a worshipper of Vehumet
 15588 | D:7      | Noticed a troll
 15601 | D:7      | Killed a troll
 16356 | D:8      | Found a runed translucent gate.
 16356 | D:8      | Found a runed translucent gate.
 16356 | D:8      | Found a runed translucent gate.
 16357 | D:8      | Noticed Mels's ghost (novice SpEn)
 17351 | D:9      | Noticed Erica
 18005 | D:9      | Reached XP level 10. HP: 56/56 MP: 10/18
 18275 | D:9      | Identified a scroll of acquirement
 18277 | D:9      | Acquired 1185 gold pieces
 18444 | D:2      | Bought a +4 ring of protection for 468 gold pieces
 18576 | D:3      | Killed Vomitron's ghost
 20480 | D:10     | Entered Level 10 of the Dungeon
 20480 | D:10     | Noticed a centaur warrior
 20735 | D:9      | Reached skill level 5 in Crossbows
 20809 | D:9      | Noticed a two-headed ogre
 20820 | D:9      | Killed a two-headed ogre
 20944 | D:9      | Found a staircase to the Lair.
 20947 | D:9      | Found a bloodstained altar of Trog.
 21153 | D:9      | Noticed a kobold demonologist
 21157 | D:9      | Killed a kobold demonologist
 21187 | D:9      | Killed Erica
 21320 | Lair:1   | Entered Level 1 of the Lair of Beasts
 21488 | Lair:1   | Noticed Fannar
 21766 | Lair:1   | Reached XP level 11. HP: 44/61 MP: 21/21
 21950 | Lair:1   | HP: 2/61 [cane toad (19)]
 22164 | Lair:1   | Noticed a four-headed hydra
 22537 | D:9      | Slain by a yak

Illustrated notes

Levels and vault maps discovered:
D:1:      lemuel_arrival_funnel, layout_loops_ring,
          hellmonk_ecumenical_altar_pennies_from_heaven,
          wander_ebering_terrifying_dragon_lair
D:2:      layout_rooms, serial_shops, nicolae_shop_competitors_out_of_business,
          minmay_pentomino_p4, uniq_robin
D:3:      layout_basic, serial_shops, shop, gammafunk_ghost_split,
          minmay_checkerbox, uniq_crazy_yiuf_cottage
D:4:      minmay_bubble_buster, layout_cave_pools,
          cheibrodos_sewer_entry_sluice, uniq_ijyb, uniq_duvessa
D:5:      layout_basic, minivault_11, uniq_grinder
D:6:      layout_cave_pods, minmay_misc_feat_alley
D:7:      layout_cave_pods, minmay_temple_entry_tees, uniq_joseph
D:8:      layout_basic, gammafunk_ghost_split
D:9:      layout_gridville, bloody_trog, lair_entry_dummy, minmay_microvault,
          uniq_erica
D:10:     layout_big_octagon, uniq_urug, uniq_sonja
Temple:   kilobyte_greek_temple
Lair:1:   layout_cave_pods, grunt_megastairs_4, minmay_lair_oklob_chamber,
          uniq_fannar

Skill      XL: |  1  2  3  4  5  6  7  8  9 10 11 |
---------------+----------------------------------+-----
Stealth        | 3 4 5 6 7 8 |  8.0
Conjurations   | 2 3 4 5 7 |  7.5
Dodging        | 3 4 5 6 7 |  7.7
Spellcasting   | 3 4 5 6 7 |  7.2
Fire Magic     | 4 5 6 7 8 |  8.1
Crossbows      | 2 4 6 |  6.4

Action                   |  1- 3 |  4- 6 |  7- 9 | 10-12 || total
-------------------------+-------+-------+-------+-------++-------
Melee: Unarmed           |     5 |       |       |       ||     5
       Dagger            |    16 |    44 |     8 |       ||    68
       Constrict         |     6 |    10 |     1 |       ||    17
       Tentacles         |     3 |     2 |     2 |       ||     7
 Fire: Arbalest          |       |       |    56 |    57 ||   113
 Cast: Foxfire           |    49 |   148 |   182 |    41 ||   420
       Sticky Flame      |       |       |     4 |    17 ||    21
       Conjure Flame     |       |       |    16 |     8 ||    24
       Fireball          |       |       |       |     5 ||     5
Evoke: Piece from Xom's  |       |     1 |       |       ||     1
  Use: Scroll            |       |     5 |    11 |     9 ||    25
       Potion            |       |       |     3 |     3 ||     6
Armor: Skin              |     2 |     5 |     3 |    13 ||    23
Dodge: Dodged            |    33 |   115 |   107 |   109 ||   364

Table legend: (Time is in decaauts)
 A = Elapsed time spent in this place.
 B = Non-inter-level travel time spent in this place.
 C = Inter-level travel time spent in this place.
 D = Time resting spent in this place.
 E = Time spent auto-exploring this place.
 F = Levels seen in this place.
 G = Mean time per level.
                   A        B        C        D        E       F      G
               +--------+--------+--------+--------+--------+-----+--------+
         Total |  22640 |  21250 |   1390 |  12941 |   5319 |  13 | 1741.5 |
       Dungeon |  20828 |  19471 |   1357 |  11824 |   5028 |  10 | 2082.8 |
        Temple |    139 |    106 |     33 |      0 |     99 |   1 |  139.0 |
          Lair |    915 |    915 |      0 |    683 |      0 |   1 |  915.0 |
         Sewer |    755 |    755 |      0 |    434 |    192 |   1 |  755.0 |
               +--------+--------+--------+--------+--------+-----+--------+

Top non-repeatable levels by time:
     D:1: 3760 daAuts
     D:9: 3421 daAuts
     D:3: 2627 daAuts
     D:4: 2133 daAuts
     D:2: 1966 daAuts
     D:8: 1872 daAuts
     D:7: 1763 daAuts
     D:6: 1647 daAuts
     D:5: 1630 daAuts
  Lair:1: 915 daAuts
   Sewer: 755 daAuts
  Temple: 139 daAuts
    D:10: 3 daAuts
